 Dungeon Crawl Stone Soup version 0.29.1-1-gd02db6906a (webtiles) character file.

Game seed: 2951361456839358094

1150 Icepheonix32 the Firebug (level 8, 0/48 HPs)
             Began as an Octopode Fire Elementalist on Sept 22, 2022.
             Killed by divine providence
             ... invoked by an orc priest
              (12 damage)
             ... on level 5 of the Dungeon.
             The game lasted 00:07:47 (5530 turns).

Icepheonix32 the Firebug (OpFE)                     Turns: 5530, Time: 00:07:50

Health: 0/48       AC:  3    Str:  7    XL:     8   Next: 38%
Magic:  2/15       EV: 17    Int: 19    God:
Gold:   183        SH:  0    Dex: 13    Spells: 13/16 levels left

rFire   . . .      SeeInvis .   m - +8 spear of Death's Door {freeze, Will+}
rCold   + . .      Faith    .   (no shield)
rNeg    . . .      Spirit   .   (helmet restricted)
rPois   .          Reflect  .   (no amulet)
rElec   .          Harm     .   n - +4 ring of evasion
rCorr   .          Rampage  .   o - ring of protection from cold
Will    +....                   (no ring)
Stlth   ++++......              (no ring)
HPRegen 0.16/turn               (no ring)
MPRegen 0.14/turn               (no ring)
                                (no ring)
                                (no ring)

@: no status effects
A: almost no armour, amphibious, 8 rings, camouflage 1, gelatinous body 1,
(nimble swimmer 1), tentacles, iridescent scales 1, mutation resistance 1
a: no special abilities


You were on level 5 of the Dungeon.
You visited 1 branch of the dungeon, and saw 5 of its levels.

You collected 183 gold pieces.

Inventory:

Hand Weapons
 m - the +8 spear of Death's Door (weapon) {freeze, Will+}
   (You found it on level 2 of the Dungeon)

   It freezes those it strikes, dealing additional cold damage.
   It can also slow down cold-blooded creatures.
   Will:      It increases your willpower.
Jewellery
 n - a +4 ring of evasion (left tentacle)
 o - a ring of protection from cold (right tentacle)
Wands
 t - a wand of charming (8)
Scrolls
 b - 4 scrolls of teleportation
 c - a scroll of poison
 e - a scroll of immolation {unknown}
 f - a scroll of noise
 r - a scroll of vulnerability
Potions
 a - 3 potions of magic
 h - 2 potions of curing
 i - 2 potions of lignification
 l - a potion of flight
 s - 2 potions of attraction


   Skills:
 + Level 1.3 Fighting
 + Level 0.5 Short Blades
 + Level 2.6 Polearms
 * Level 3.0 Dodging
 + Level 4.4 Stealth
 + Level 4.6 Spellcasting
 + Level 3.5 Conjurations
 * Level 6.5 Fire Magic


You had 13 spell levels left.
You knew the following spells:

 Your Spells              Type           Power      Damage    Failure   Level
a - Foxfire               Conj/Fire      92%        2x1d8     1%          1
b - Scorch                Fire           58%        2d8       1%          2

Your spell library contained the following spells:

 Spells                   Type           Power      Damage    Failure   Level
 Magic Dart               Conj           72%        1d6       3%          1
 Conjure Flame            Conj/Fire      23%        6-21      4%          3
 Inner Flame              Hex/Fire       16%        N/A       10%         3
 Flame Wave               Conj/Fire      23%        2d8       16%         4
 Call Imp                 Summ           4%         N/A       21%         2
 Mephitic Cloud           Conj/Pois/Air  8%         N/A       24%         3
 Confusing Touch          Hex            4%         N/A       36%         3
 Yara's Violent Unravell  Hex/Tmut       2%         3d3       98%         5
 Enfeeble                 Hex            2%         N/A       100%        7


Dungeon Overview and Level Annotations

Branches:
Dungeon (5/15)
 Temple: D:4-7

Altars:
Cheibriados
Sif Muna
The Shining One

Shops:
D:2 (


Innate Abilities, Weirdness & Mutations

You cannot wear most types of armour.
You are amphibious.
You can wear up to eight rings at the same time.
Your skin changes colour to match your surroundings (Stealth+).
Your rubbery body absorbs attacks. (AC +1, EV +1)
((You are camouflaged when in or above water. (Stealth+)))
You have tentacles for arms and can constrict up to eight enemies at once.
You are partially covered in iridescent scales. (AC +2)
You are somewhat resistant to further mutation.


Message History

* * * LOW HITPOINT WARNING * * *
Casting: Scorch (safe; 1% risk of failure)
Confirm with . or Enter, or press ? or * to list all spells.
Flames lash the orc.
The orc is burned terribly!
You kill the orc!
The orc misses you.
Unknown command.
You hit the orc. You freeze the orc.
You kill the orc!
Unknown command.
You barely miss the orc. You grab the orc.
You squeeze the orc, but do no damage. You constrict the orc.
The orc completely misses you.
You hit the orc. You freeze the orc.
The orc is severely wounded.
You constrict the orc, but do no damage.
The orc hits you with a +0 club.
* * * LOW HITPOINT WARNING * * *
Unknown command.
It was a potion of mutation.
You feel extremely strange.
Iridescent scales grow over part of your body.
You feel genetically stable.
You constrict the orc, but do no damage.
The orc barely misses you.
The orc priest calls upon Beogh to heal the orc.
The orc's wounds heal themselves!
You hit the orc but do no damage.
You constrict the orc, but do no damage.
The orc barely misses you.
You feel better.
You constrict the orc, but do no damage.
The orc closely misses you.
The orc priest casts a cantrip, but nothing happens.
You hit the orc. You freeze the orc.
The orc is moderately wounded.
You constrict the orc, but do no damage.
The orc barely misses you.
The orc priest invokes the aid of Beogh against you.
Beogh smites you!
You die...

### ##.## # ##...## .#
##.....###....
#.........#.#.#
##########)....###.(..
#......@oo).......#.#.#
#.##########(..........
#.# #####.##.#.# #.# .#
#.# .# #.# .# #.# {#
#.# o# #.# .#


You could see an orc priest and an orc.

Vanquished Creatures
  Edmund (D:4)
  A water moccasin (D:5)
  2 black bears (D:4)
  An ogre (D:4)
  A phantom (D:4)
  Blork the orc (D:4)
  A scorpion (D:4)
  A jelly (D:3)
  2 hounds
  2 iguanas
  Natasha (thrice) (D:3)
  3 orc wizards
  Robin (D:3)
  3 gnolls (D:4)
  3 adders
  A worm (D:3)
  2 dart slugs
  8 orcs
  6 endoplasms
  5 giant cockroaches
  8 goblins
  9 hobgoblins
  8 kobolds
  8 quokkas
  6 ball pythons
  3 bats
  2 frilled lizards
  5 rats
97 creatures vanquished.

Vanquished Creatures (others)
  330 foxfires
330 creatures vanquished.

Grand Total: 427 creatures vanquished

Notes
Turn   | Place    | Note
-------+----------+-------------------------------------------
     0 | D:1      | Icepheonix32 the Octopode Fire Elementalist began the quest
                  | for the Orb.
     0 | D:1      | Reached XP level 1. HP: 11/11 MP: 3/3
   181 | D:1      | Found a faded altar of an unknown god.
   298 | D:1      | Reached XP level 2. HP: 13/17 MP: 5/5
   811 | D:1      | Reached XP level 3. HP: 21/21 MP: 2/6
  1295 | D:2      | Identified the +8 spear of Death's Door {freeze, Will+}
  1340 | D:2      | Found Farph's Weapon Boutique.
  1793 | D:2      | Reached skill level 4 in Fire Magic
  2097 | D:3      | Found a shimmering blue altar of Sif Muna.
  2129 | D:3      | Noticed Natasha
  2135 | D:3      | Killed Natasha
  2136 | D:3      | Reached XP level 4. HP: 27/27 MP: 0/7
  2214 | D:3      | Learned a level 2 spell: Scorch
  2359 | D:3      | Noticed Natasha
  2365 | D:3      | Killed Natasha
  2366 | D:3      | Reached skill level 1 in Polearms
  2533 | D:3      | Noticed Natasha
  2538 | D:3      | Killed Natasha
  2539 | D:3      | Reached XP level 5. HP: 32/32 MP: 5/8
  2860 | D:3      | Found a snail-covered altar of Cheibriados.
  3084 | D:3      | Noticed Robin
  3416 | D:3      | Killed Robin
  4061 | D:4      | Reached XP level 6. HP: 37/37 MP: 10/10
  4237 | D:4      | Reached skill level 5 in Fire Magic
  4383 | D:4      | Found a glowing golden altar of the Shining One.
  4465 | D:4      | Reached skill level 1 in Fighting
  4465 | D:4      | Reached XP level 7. HP: 41/43 MP: 10/12
  4491 | D:4      | Noticed Blork the orc
  4498 | D:4      | Killed Blork the orc
  4580 | D:4      | Noticed Edmund
  4595 | D:4      | Killed Edmund
  5029 | D:4      | Reached skill level 6 in Fire Magic
  5130 | D:4      | Reached XP level 8. HP: 48/48 MP: 8/14
  5326 | D:5      | Entered Level 5 of the Dungeon
  5527 | D:5      | Gained mutation: You are partially covered in iridescent
                  | scales. (AC +2) [potion of mutation]
  5527 | D:5      | Gained mutation: You are somewhat resistant to further
                  | mutation. [potion of mutation]
  5530 | D:5      | Killed from afar by an orc priest

Illustrated notes

Levels and vault maps discovered:
D:1:      dpeg_arrival_tiny_d, layout_loops_ring,
          hellmonk_ecumenical_altar_heavens_door
D:2:      layout_basic, serial_shops, shop
D:3:      kennysheep_big_flooded_room, layout_basic, general_overflow_altar,
          mainiacjoe_overflow_six_doors_small, uniq_robin, uniq_jessica,
          uniq_natasha
D:4:      layout_rooms, nicolae_tso_carved_into_rock, uniq_edmund,
          uniq_blork_the_orc
D:5:      layout_loops_ring, grunt_temple_overflow_order_and_chaos_2,
          gammafunk_ghost_abyssal_escape, st_stairs_8

Skill      XL: |  1  2  3  4  5  6  7  8 |
---------------+-------------------------+-----
Stealth        | 3 4 |  4.4
Fire Magic     | 4 5 6 |  6.5
Polearms       | 1 2 |  2.6
Conjurations   | 2 3 |  3.5
Spellcasting   | 3 4 |  4.6
Fighting       | 1 |  1.3
Dodging        | 3 |  3.0
Short Blades   | |  0.5

Action                   |  1- 3 |  4- 6 |  7- 9 || total
-------------------------+-------+-------+-------++-------
Melee: Short sword       |    25 |       |       ||    25
       Constrict         |     5 |     6 |     3 ||    14
       Tentacles         |     3 |     1 |     2 ||     6
       Spear             |     5 |    43 |    11 ||    59
 Cast: Foxfire           |    71 |    69 |    63 ||   203
       Scorch            |       |     2 |    15 ||    17
  Use: Scroll            |       |    11 |       ||    11
       Potion            |       |     3 |     3 ||     6
 Stab: Sleeping          |     5 |     4 |       ||     9
Armor: Skin              |     2 |     1 |     1 ||     4
Dodge: Dodged            |    19 |    21 |    24 ||    64
